 Dungeon Crawl Stone Soup version 0.27-a0-1334-g2746e35aca (webtiles) character file.

Game seed: 7169029489297296218

1598 bande the Covered (level 8, -1/50 HPs)
             Began as a Gargoyle Fighter on June 27, 2021.
             Splashed by a jelly's acid (3 damage)
             ... on level 5 of the Dungeon.
             The game lasted 00:11:06 (8566 turns).

bande the Covered (Gargoyle Fighter)                Turns: 8566, Time: 00:11:06

Health: -1/50      AC: 27    Str: 22    XL:     8   Next: 93%
Magic:  8/8        EV:  5    Int:  8    God:
Gold:   179        SH: 10    Dex: 10    Spells: 7/7 levels left

rFire    . . .     SeeInvis .   a - +1 war axe (protect)
rCold    . . .     Faith    .   c - +0 kite shield
rNeg     + . .     Spirit   .   q - +1 plate armour
rPois    ∞         Reflect  .   r - +0 helmet
rElec    +         Harm     .   (no cloak)
rCorr    .         Rampage  .   (no gloves)
Will     .....                  (no boots)
Stlth    ..........             (no amulet)
HPRegen  0.16/turn              (no ring)
MPRegen  0.11/turn              (no ring)

@: under a protective aura
A: sickness immunity, AC +5, negative energy resistance 1, electricity
resistance, torment resistance 1, petrification resistance
a: no special abilities


You were on level 5 of the Dungeon.
You visited 1 branch of the dungeon, and saw 6 of its levels.
You also visited: Sewer.

You collected 179 gold pieces.

Inventory:

Hand Weapons
 a - a +1 war axe of protection (weapon)
 m - a +0 flail
Missiles
 f - a throwing net (quivered)
Armour
 c - a +0 kite shield (worn)
 q - a +1 plate armour (worn)
 r - a +0 helmet (worn)
Jewellery
 k - a ring of magical power
 n - a ring of positive energy
Wands
 g - a wand of digging (3)
 j - a wand of mindburst (11)
 l - a wand of charming (10)
 o - a wand of paralysis (6)
Scrolls
 b - 3 scrolls of identify
 p - a scroll of enchant weapon
 v - a scroll of noise {unknown}
 w - 3 scrolls of silence {unknown}
 x - a scroll of blinking {unknown}
Potions
 d - 2 potions of flight
 e - a potion of haste
 h - a potion of brilliance
 i - a potion of cancellation
 s - a potion of heal wounds
 t - a potion of might
 u - a potion of invisibility {unknown}


   Skills:
 + Level 5.4 Fighting
 + Level 6.2 Axes
 + Level 6.2 Armour
 + Level 0.9 Dodging
 + Level 5.6 Shields
 * Level 3.5 Evocations


You had 7 spell levels left.
You didn't know any spells.
Your spell library contained the following spells:

 Spells                   Type           Power      Damage    Failure   Level
 Animate Skeleton         Necr           0%         N/A       100%        1
 Apportation              Tloc           0%         N/A       100%        1
 Beastly Appendage        Tmut           0%         N/A       100%        1
 Corona                   Hex            0%         N/A       100%        1
 Summon Small Mammal      Summ           0%         N/A       100%        1
 Call Imp                 Summ           0%         N/A       100%        2
 Ensorcelled Hibernation  Hex/Ice        0%         N/A       100%        2
 Wereblood                Tmut           0%         N/A       100%        2
 Call Canine Familiar     Summ           0%         N/A       100%        3
 Confusing Touch          Hex            0%         N/A       100%        3
 Dazzling Flash           Conj/Hex       0%         N/A       100%        3
 Spider Form              Tmut/Pois      0%         N/A       100%        3
 Summon Guardian Golem    Hex/Summ       0%         N/A       100%        3
 Tukima's Dance           Hex            0%         N/A       100%        3
 Ice Form                 Ice/Tmut       0%         N/A       100%        4
 Summon Ice Beast         Ice/Summ       0%         N/A       100%        4
 Summon Lightning Spire   Summ/Air       0%         N/A       100%        4


Dungeon Overview and Level Annotations

Branches:
Dungeon (6/15)              Sewer (visited)
 Temple: D:4-7

Altars:
Kikubaaqudgha
Sif Muna


Innate Abilities, Weirdness & Mutations

You are immune to sickness and miasma.
Your stone body is resilient. (AC +5)
You are immune to poison.
You resist negative energy. (rN+)
You are resistant to electric shocks. (rElec)
You are resistant to unholy torment.
You are immune to petrification.


Message History

You closely miss the wyvern.
The wyvern bites you but does no damage. x2
You hit the wyvern but do no damage.
Your weapon exudes an aura of protection.
The wyvern bites you but does no damage.
You block the wyvern's attack.
The wyvern bites you but does no damage.
You slash the wyvern!
The wyvern is moderately wounded.
The wyvern hisses menacingly.
The wyvern bites you but does no damage.
The wyvern barely misses you.
You completely miss the wyvern.
The wyvern is moderately wounded.
You block the wyvern's attack.
The wyvern bites you but does no damage.
You slash the wyvern!
The wyvern is severely wounded.
The wyvern bites you!
The wyvern bites you but does no damage.
You closely miss the wyvern.
The wyvern is heavily wounded.
The wyvern barely misses you. You block the wyvern's attack.
You hit the wyvern.
The wyvern is severely wounded.
The wyvern barely misses you. You block the wyvern's attack.
You hit the wyvern.
The wyvern is almost dead.
The wyvern bites you! x2
* * * LOW HITPOINT WARNING * * *
You slash the wyvern!
You kill the wyvern!
You block the jelly's attack.
Your Axes skill increases to level 6!
You hit the jelly.
Your hands burn!
* * * LOW HITPOINT WARNING * * *
The jelly is moderately wounded.
The jelly hits you but does no damage.
You hit the jelly.
Your hands burn!
You die...

###################
#.................#
#.###########...### #.#
#...# #.# #...# #.# #...#
#######.###########...#
.......>.......J@.....###
#######)############..<.#
# #.# #§..## # #.# #...#
# #.# #...# # #.# #...# #
#.# #...# # #.# #...# #
#.# #...#


You could see a jelly.

Vanquished Creatures
  A wyvern (D:5)
  A water moccasin (D:5)
  A sky beast (D:5)
  A black bear (D:2)
  Purgy (Sewer)
  3 ogres
  A centaur (D:5)
  A scorpion (D:4)
  A wyvern skeleton (D:6)
  A howler monkey (D:6)
  A centaur zombie (D:6)
  An orc priest (D:4)
  2 hounds (D:5)
  2 bullfrog skeletons
  3 iguanas
  An orc wizard (D:4)
  A killer bee zombie (D:6)
  A hound skeleton (D:4)
  Robin (D:4)
  A river rat (D:5)
  7 adders
  3 gnolls (D:5)
  3 ufetubi (D:5)
  2 worms
  3 dart slugs
  19 orcs
  9 ball pythons
  3 bats
  7 endoplasms
  3 giant cockroaches
  12 goblins
  7 hobgoblins
  17 jackals
  A quokka (D:1)
  11 frilled lizards
  8 kobolds
  12 rats
153 creatures vanquished.

Notes
Turn   | Place    | Note
-------+----------+-------------------------------------------
     0 | D:1      | bande the Gargoyle Fighter began the quest for the Orb.
     0 | D:1      | Reached XP level 1. HP: 14/14 MP: 1/1
   441 | D:1      | Reached XP level 2. HP: 12/19 MP: 2/2
  1395 | D:1      | Reached XP level 3. HP: 24/24 MP: 3/3
  2004 | D:2      | Noticed a black bear
  2013 | D:2      | HP: 1/24 [black bear (1)]
  2014 | D:2      | Killed a black bear
  2015 | D:2      | Reached XP level 4. HP: 2/29 MP: 4/4
  2015 | D:2      | Reached XP level 5. HP: 2/33 MP: 5/5
  3104 | D:3      | Found a shimmering blue altar of Sif Muna.
  3310 | D:3      | Found a faded altar of an unknown god.
  4487 | D:4      | Reached XP level 6. HP: 28/38 MP: 6/6
  4834 | D:4      | Reached skill level 5 in Armour
  5002 | D:4      | HP: 1/38 [ogre (12)]
  5004 | D:4      | Reached skill level 1 in Evocations
  5547 | D:4      | Reached XP level 7. HP: 31/43 MP: 7/7
  5690 | D:4      | Noticed Robin
  5703 | D:4      | Killed Robin
  6343 | D:5      | Entered Level 5 of the Dungeon
  6489 | D:5      | HP: 2/44 [centaur (5)]
  6492 | D:5      | Reached skill level 5 in Axes
  6492 | D:5      | Reached XP level 8. HP: 1/48 MP: 8/8
  6500 | D:5      | Found a glowing drain.
  6503 | D:5      | HP: 1/48 [hound (2)]
  6508 | Sewer    | Entered a sewer
  7102 | Sewer    | Noticed Purgy
  7123 | Sewer    | Killed Purgy
  7124 | Sewer    | Reached skill level 5 in Shields
  7549 | D:5      | Reached skill level 5 in Fighting
  8268 | D:5      | Found an ancient bone altar of Kikubaaqudgha.
  8539 | D:6      | Noticed a wyvern
  8563 | D:5      | HP: 2/49 [wyvern (13)]
  8564 | D:5      | Killed a wyvern
  8566 | D:5      | Splashed by a jelly's acid

Illustrated notes

Levels and vault maps discovered:
D:1:      scummos_arrival_simple_crosswalls, layout_basic
D:2:      layout_loops_ring
D:3:      minmay_angry_zag, layout_basic, lemuel_doored_altar,
          hellmonk_ecumenical_altar_prayer_group, hex_tiny, serial_bayou_ford_a
D:4:      layout_loops_ring, hangedman_abyss_or_decor_jellyfish_corner,
          kennysheep_decorative_pillar, roderic_serpentine_path, uniq_robin
D:5:      layout_basic, lemuel_round_altar, portal_sewer_entry_b,
          minmay_small_thing
D:6:      layout_rooms, minmay_temple_entry_large_hall, minmay_misc_feat_chi,
          uniq_crazy_yiuf_cottage, uniq_prince_ribbit1, uniq_grinder

Skill      XL: |  1  2  3  4  5  6  7  8 |
---------------+-------------------------+-----
Axes           | 2 3 4 5 6 |  6.2
Armour         | 4 5 6 |  6.2
Shields        | 4 5 |  5.6
Fighting       | 4 5 |  5.4
Evocations     | 1 2 3 |  3.5
Dodging        | |  0.9

Action                   |  1- 3 |  4- 6 |  7- 9 || total
-------------------------+-------+-------+-------++-------
Melee: War axe           |    75 |   210 |   283 ||   568
  Use: Scroll            |     1 |     1 |     6 ||     8
       Potion            |     1 |     5 |     2 ||     8
Armor: Scale mail        |    18 |       |       ||    18
       Chain mail        |    39 |   131 |    24 ||   194
       Plate armour      |       |       |   274 ||   274
Dodge: Dodged            |    16 |    62 |    77 ||   155
Block: Kite shield       |    49 |   111 |   194 ||   354

Table legend: (Time is in decaauts)
 A = Elapsed time spent in this place.
 B = Non-inter-level travel time spent in this place.
 C = Inter-level travel time spent in this place.
 D = Time resting spent in this place.
 E = Time spent auto-exploring this place.
 F = Levels seen in this place.
 G = Mean time per level.
                   A        B        C        D        E       F      G
               +--------+--------+--------+--------+--------+-----+--------+
         Total |   8898 |   8735 |    163 |   2425 |   4800 |   7 | 1271.1 |
       Dungeon |   8002 |   7839 |    163 |   1715 |   4699 |   6 | 1333.7 |
         Sewer |    896 |    896 |      0 |    710 |    100 |   1 |  896.0 |
               +--------+--------+--------+--------+--------+-----+--------+

Top non-repeatable levels by time:
     D:3: 1860 daAuts
     D:4: 1757 daAuts
     D:1: 1691 daAuts
     D:5: 1414 daAuts
     D:2: 1240 daAuts
   Sewer: 896 daAuts
     D:6: 37 daAuts
